 Dungeon Crawl Stone Soup version 0.31-a0-881-ge136f0c47a (webtiles) character file.

Game seed: 11857603251387257447

938 Spaninq the Changeling (level 7, -7/102 HPs)
             Began as a Troll Shapeshifter on Oct 15, 2023.
             Was a Follower of Dithmenos.
             Mangled by Pikel
             ... wielding a +0 whip of electrocution
              (19 damage)
             ... on level 6 of the Dungeon.
             The game lasted 00:10:31 (3864 turns).

Spaninq the Changeling (Troll Shapeshifter)         Turns: 3864, Time: 00:10:31

Health: -7/102     AC: 23    Str: 25    XL:     7   Next: 87%
Magic:  0/6        EV:  1    Int:  6    God:    Dithmenos [*.....]
Gold:   57         SH:  0    Dex:  9    Spells: 6/6 levels left

rFire   . .          .
                       - Unarmed
rCold   . . .        (no shield)
rNeg    . . .        a - melded +0 animal skin
rPois   +            (helmet currently unavailable)
rElec   .            (cloak currently unavailable)
rCorr   .            (gloves unavailable)
SInv    .            (boots unavailable)
Will    .....        B - amulet of guardian spirit
Stlth   +            g - +5 ring of evasion
HPRegen 1.17/turn    D - +5 ring of evasion
MPRegen 0.10/turn

%: guardian spirit
@: tree-form, wreathed by umbra
A: stationary, stasis, torment immunity, boosted hp, large, unfitting armour,
(claws 3), regeneration 1, (shaggy fur 1), (tough skin 1)
a: Renounce Religion


You were on level 6 of the Dungeon.
You worshipped Dithmenos.
Dithmenos was aware of your devotion.
You were a tree.
You visited 1 branch of the dungeon, and saw 6 of its levels.

You collected 288 gold pieces.
You spent 231 gold pieces at shops.

Inventory:

Hand Weapons
 s - a +3 heavy war axe
Armour
 a - a +0 animal skin (melded)
 f - a +0 kite shield
 v - a +1 cloak
 H - a +2 hat of stealth
Jewellery
 g - a +5 ring of evasion (left branch)
 B - an amulet of guardian spirit (around neck)
 D - a +5 ring of evasion (right branch)
 G - a ring of resist corrosion
Talismans
 c - a beast talisman
 d - a flux talisman
Wands
 F - a wand of iceblast (7)
Scrolls
 e - 8 scrolls of identify {unknown}
 h - a scroll of vulnerability {unknown}
 n - a scroll of enchant armour {unknown}
 p - a scroll of revelation {unknown}
 q - 3 scrolls of fear {unknown}
 t - 2 scrolls of fog {unknown}
 w - a scroll of summoning {unknown}
 x - a scroll of enchant weapon {unknown}
 y - a scroll of torment {unknown}
 C - a scroll of noise {unknown}
 E - a scroll of amnesia {unknown}
Potions
 b - a potion of lignification
 i - a potion of might {unknown}
 j - a potion of cancellation {unknown}
 k - a potion of invisibility {unknown}
 l - 2 potions of heal wounds {unknown}
 m - a potion of magic {unknown}
 o - 3 potions of curing
 r - a potion of resistance {unknown}
 u - a potion of haste {unknown}
 z - a potion of attraction {unknown}
 A - a potion of enlightenment {unknown}


   Skills:
 + Level 3.7 Fighting
 - Level 1.5 Dodging
 + Level 3.7 Shields
 - Level 3.0 Unarmed Combat
 * Level 6.6 Shapeshifting


You had 6 spell levels left.
You didn't know any spells.
Your spell library contained the following spells:

 Spells                   Type           Power      Damage    Failure   Level
 Magic Dart               Conj           0%         1d3       45%         1
 Necrotise                Necr           0%         1d4       45%         1
 Searing Ray              Conj           0%         2d4       58%         2
 Dazzling Flash           Conj/Hex       0%         N/A       83%         3
 Vampiric Draining        Necr           0%         2d6       83%         3
 Volatile Blastmotes      Fire/Tloc      0%         2d10      83%         3
 Fulminant Prism          Conj/Hex       0%         3d5       99%         4
 Agony                    Necr           0%         N/A       100%        5
 Starburst                Conj/Fire      0%         6d3       100%        6
 Maxwell's Capacitive Co  Air            0%         ∞         100%        8


Dungeon Overview and Level Annotations

Branches:
Dungeon (6/15)
 Temple: D:4-7

Altars:
Dithmenos
Gozag
Kikubaaqudgha

Shops:
D:3 [((

Annotations:
D:6 Pikel


Innate Abilities, Weirdness & Mutations

You are a tree.
Your roots penetrate the ground, keeping you stationary.
You cannot be teleported.
You are immune to unholy pain and torment.
Your maximum health is greatly increased.
Your equipment is partially melded.
You are too large for most types of armour.
((You have claws for hands.))
Your natural rate of healing is unusually fast.
((You are covered in fur. (AC +1)))
((You have tough skin. (AC +1)))


Message History

Pikel hits you with a +0 whip of electrocution!
You are electrocuted!
Your transformation has ended.
You turn into a tree.
Your +0 animal skin melds into your body.
Your roots penetrate the ground.
Pikel hits you with a +0 whip of electrocution.
You are electrocuted!
* * * LOW HITPOINT WARNING * * *
You barely miss Pikel.
Pikel is moderately wounded.
Pikel hits you with a +0 whip of electrocution.
* * * LOW HITPOINT WARNING * * *
You smack Pikel!
Pikel is severely wounded.
Pikel hits you with a +0 whip of electrocution!
* * * LOW HITPOINT WARNING * * *
You hit Pikel.
Pikel is severely wounded.
Pikel hits you but does no damage.
You closely miss Pikel.
Pikel is severely wounded.
Pikel hits you but does no damage.
You hit Pikel but do no damage.
Pikel is severely wounded.
You completely miss Pikel.
Pikel is severely wounded.
Pikel hits you but does no damage.
You closely miss Pikel.
Pikel is severely wounded.
Pikel hits you but does no damage.
You are electrocuted!
* * * LOW HITPOINT WARNING * * *
You barely miss Pikel.
Pikel is severely wounded.
Pikel hits you but does no damage.
You hit Pikel but do no damage.
Pikel is severely wounded.
Pikel hits you but does no damage.
You are electrocuted!!
You die...
Pikel says, "Another soul for the market."

# ######## # ...... #
#...### # ###..... #
#.....## .#. # #
#.#....#####.....
#####.##....#...♣K55....
#.........#.#######.....
#.###.##....#######. .).
......##.#.......... .
....##...#...#######
.......#####...#
.........#...#.#
.........#..##.#
....####...## #


You could see Pikel and 2 lemures.

Vanquished Creatures
  Sigmund (D:3)
  A sky beast (D:6)
  A black bear (D:4)
  2 lemures (D:6)
  A kobold brigand (D:6)
  3 scorpions
  A hound (D:5)
  Crazy Yiuf (D:3)
  A sleepcap (D:6)
  An iguana (D:5)
  An orc wizard (D:5)
  Robin (D:2)
  8 adders
  2 gnolls
  A shadow imp (D:6)
  3 worms
  7 orcs (D:5)
  8 ball pythons
  7 bats
  6 endoplasms
  2 giant cockroaches (D:1)
  9 goblins
  11 hobgoblins
  4 jackals (D:1)
  3 quokkas
  5 frilled lizards
  21 kobolds
  4 rats
116 creatures vanquished.

Notes
Turn   | Place    | Note
-------+----------+-------------------------------------------
     0 | D:1      | Spaninq the Troll Shapeshifter began the quest for the Orb.
     0 | D:1      | Reached XP level 1. HP: 18/18 MP: 0/0
    65 | D:1      | Reached skill level 1 in Fighting
    92 | D:1      | Reached XP level 2. HP: 23/27 MP: 1/1
   338 | D:1      | Reached XP level 3. HP: 33/33 MP: 2/2
   795 | D:2      | Reached skill level 1 in Shields
   799 | D:2      | Reached skill level 4 in Shapeshifting
   799 | D:2      | Reached XP level 4. HP: 36/42 MP: 3/3
  1006 | D:2      | Noticed Robin
  1026 | D:2      | Killed Robin
  1453 | D:3      | Found Costre Qunipp's Antique Weapon Shoppe.
  1596 | D:3      | Found an ancient bone altar of Kikubaaqudgha.
  1682 | D:3      | Found Zaucism's Armour Shop.
  1722 | D:3      | Noticed Sigmund
  1727 | D:3      | Killed Sigmund
  1728 | D:3      | Reached skill level 5 in Shapeshifting
  1728 | D:3      | Reached XP level 5. HP: 39/50 MP: 4/4
  1730 | D:3      | Reached XP level 6. HP: 49/59 MP: 5/5
  1763 | D:3      | Found a shadowy altar of Dithmenos.
  1867 | D:3      | Found a runed translucent door.
  1868 | D:3      | Noticed Crazy Yiuf
  1928 | D:3      | Became a worshipper of Dithmenos the Shadowed
  1977 | D:3      | Found Ikhloal's Weapon Emporium.
  2002 | D:3      | Found a faded altar of an unknown god.
  2268 | D:3      | Killed Crazy Yiuf
  2895 | D:4      | Reached XP level 7. HP: 67/67 MP: 6/6
  2924 | D:5      | Entered Level 5 of the Dungeon
  2924 | D:5      | Found an opulent altar of Gozag.
  3109 | D:5      | Reached skill level 6 in Shapeshifting
  3171 | D:5      | Reached * piety under Dithmenos
  3670 | D:3      | Bought a +2 hat of stealth for 231 gold pieces
  3831 | D:6      | Noticed Pikel
  3864 | D:6      | Mangled by Pikel

Illustrated notes

Levels and vault maps discovered:
D:1:      kennysheep_arrival_seaside, layout_basic, eino_curves_01
D:2:      layout_loops_ring, chequers_serial_rivers_micro_e,
          chequers_serial_rivers_micro_d, minmay_tiny_reverse_x, uniq_robin
D:3:      layout_basic, kiku_gazebo_garden_becter, lemuel_doored_altar,
          basic_ecumenical_altar, serial_shops, shop, shop,
          nicolae_shop_window_shopping, uniq_sigmund, uniq_crazy_yiuf_cottage
D:4:      layout_basic, grunt_ministairs_10
D:5:      layout_cave_pools, nicolae_gozag_seed_capital, serial_column_ruins,
          column_ruins_square_medium, column_ruins_grid_1,
          column_ruins_open_tiny, column_ruins_corridor_straight,
          column_ruins_open_tiny, column_ruins_open_tiny,
          column_ruins_open_small, grunt_decor_mini_mirrors, feat_on_display
D:6:      layout_loops_ring, item_on_display_a, uniq_pikel

Skill      XL: |  1  2  3  4  5  6  7 |
---------------+----------------------+-----
Fighting       | 1 2 3 |  3.7
Shields        | 1 2 3 |  3.7
Shapeshifting  | 4 5 6 |  6.6
Dodging        | |  1.5
Unarmed Combat | |  3.0

Action                     |  1- 3 |  4- 6 |  7- 9 || total
---------------------------+-------+-------+-------++-------
  Melee: Unarmed           |   115 |   118 |   113 ||   346
         Punch             |     1 |     4 |     3 ||     8
    Use: Potion            |       |       |     2 ||     2
 Armour: Animal skin       |    66 |    84 |    55 ||   205
         Skin              |       |       |     9 ||     9
  Dodge: Dodged            |    75 |    64 |   107 ||   246

Table legend: (Time is in decaauts)
 A = Elapsed time spent in this place.
 B = Non-inter-level travel time spent in this place.
 C = Inter-level travel time spent in this place.
 D = Time resting spent in this place.
 E = Time spent auto-exploring this place.
 F = Levels seen in this place.
 G = Mean time per level.
                   A        B        C        D        E       F      G
               +--------+--------+--------+--------+--------+-----+--------+
         Total |   3846 |   3541 |    305 |      0 |   2681 |   6 |  641.0 |
       Dungeon |   3846 |   3541 |    305 |      0 |   2681 |   6 |  641.0 |
               +--------+--------+--------+--------+--------+-----+--------+

Top non-repeatable levels by time:
     D:3: 894 daAuts
     D:2: 743 daAuts
     D:1: 699 daAuts
     D:4: 649 daAuts
     D:5: 609 daAuts
     D:6: 250 daAuts
